 Dungeon Sprint DCSS version 0.26-a0-661-g406de6ba63 (webtiles) character file.

Game seed: 15471895656150368916

558 sahdkjhfkaj the Grappler (level 10, -14/106 HPs)
             Began as a Troll Chaos Knight on Oct 8, 2020.
             Was the Champion of Zin.
             Demolished by an orc knight
             ... wielding a +0 great mace of protection
              (44 damage)
             ... in the Dungeon (Sprint VI: "Thunderdome").
             The game lasted 00:03:49 (927 turns).

sahdkjhfkaj the Grappler (Troll Chaos Knight)        Turns: 927, Time: 00:03:50

Health: -14/106    AC: 17    Str: 25    XL:     10   Next: 44%
Magic:  8/15       EV: 10    Int:  8    God:    Zin [******]
Gold:   329        SH:  0    Dex: 12    Spells: 9/9 levels left

rFire    . . .     SeeInvis .     - Unarmed
rCold    . . .     Faith    .   (no shield)
rNeg     . . .     Spirit   .   f - +0 storm dragon scales
rPois    .         Reflect  .   a - +0 hat of Emymou Zeck {Dex+3 Stlth+}
rElec    +         Harm     .   (no cloak)
rCorr    .         Rampage  .   (gloves unavailable)
MR       .....     NoTele   +   (boots unavailable)
Stlth    ..........             (no amulet)
HPRegen  0.67/turn              (no ring)
MPRegen  0.14/turn              (no ring)

@: hasted, very quick
A: large, unfitting armour, claws 3, regeneration 1, shaggy fur 1, tough skin 3
}: 1/15 runes: decaying
a: Recite, Vitalisation, Imprison, Sanctuary, Donate Gold, Renounce Religion


You were in the Dungeon.
You worshipped Zin.
Zin was exalted by your worship.
You visited 1 branch You collected 850 gold pieces.
You spent 495 gold pieces at shops.
You donated 26 gold pieces to Zin.

Inventory:

Armour
 a - the +0 hat of Emymou Zeck (worn) {Dex+3 Stlth+}
   (You bought it in a shop in the Dungeon)

   It affects your dexterity (+3).
   It makes you more stealthy.
 f - +0 storm dragon scales (worn)
Wands
 h - a wand of acid (5)
 i - a wand of iceblast (5)
Scrolls
 g - 4 scrolls of blinking
 j - 3 scrolls of fog
Potions
 b - a potion of curing
 c - a potion of heal wounds
 d - 3 potions of haste
 e - 2 potions of magic
 k - a potion of resistance


   Skills:
 + Level 8.7 Fighting
 + Level 7.6 Armour
 + Level 8.1 Dodging
 * Level 13.2 Unarmed Combat
 + Level 8.2 Invocations


You had 9 spell levels left.
You didn't know any spells.
Your spell library was empty.

Dungeon Overview and Level Annotations

Branches:
Dungeon (1/1)

Altars:
Cheibriados
Dithmenos
Fedhas
Gozag
Kikubaaqudgha
Makhleb
Okawaru
Qazlal
Ru
Sif Muna
Trog
Uskayaw
Vehumet
Wu Jian
Xom
Yredelemnul
Zin
The Shining One
Beogh
Jiyva
Lugonu

Shops:
D *[??*?*:[((!!!!


Innate Abilities, Weirdness & Mutations

You are too large for most types of armour.
You have claws for hands.
Your natural rate of healing is unusually fast.
You are covered in fur. (AC +1)
You have extremely tough skin. (AC +3)


Message History

You mangle the orc knight!!
The orc knight is heavily wounded.
The orc knight hits you with a +3 war axe of electrocution!
* * * LOW HITPOINT WARNING * * *
Unknown command.
Unknown command.
Unknown command.
Unknown command.
Unknown command.
Unknown command.
You mangle the orc knight!!
The orc knight is heavily wounded.
The orc warrior hits you but does no damage.
Unknown command.
You scratch the orc knight.
The orc knight is heavily wounded.
The orc warrior no longer looks unusually strong.
The orc knight hits you with a +0 great mace of protection!!!
You die...
Xom howls with laughter!

###∩........8.# #.8.......
##.............###.........
#⌠..........###...###......
#⌠..........# #.<.# #......
#⌠†.........###...###......
##.............###..÷......
###∩...[....8.# #.8.......
##∩___ooo...###......___
######@8)÷.......8.####
#(...........⌠#
###.(.......### #_......._#
#_......._# #_..))..._#
#∩..)....∩# ##∩.....∩##
##.....##


You could see 2 orc knights and an orc warrior.

Vanquished Creatures
  A wizard (D)
  An orc knight (D)
  A komodo dragon (D)
  2 yaks (D)
  6 neqoxecs (D)
  An ogre (D)
  2 orc priests (D)
  2 hell rats (D)
  5 worker ants (D)
  6 adders (D)
  A river rat (D)
28 creatures vanquished.

Notes
Turn   | Place    | Note
-------+----------+-------------------------------------------
     0 | D        | sahdkjhfkaj the Troll Chaos Knight began the quest for the
                  | Orb.
     0 | D        | Reached XP level 1. HP: 22/22 MP: 0/0
     1 | D        | Found a basalt altar of Yredelemnul.
     2 | D        | Found an opulent altar of Gozag.
     2 | D        | Found an iron altar of Okawaru.
     3 | D        | Found a glowing silver altar of Zin.
     3 | D        | Found a sacrificial altar of Ru.
     4 | D        | Found a roughly hewn altar of Beogh.
     4 | D        | Found Ytulat's Magic Scroll Shop.
     4 | D        | Found Kuuzici's Staff Store.
     5 | D        | Found a stormy altar of Qazlal.
     5 | D        | Found Imuud's Magic Scroll Shop.
     5 | D        | Found Vyfaezxu's Must-Have Magic.
     5 | D        | Round 1.
    11 | D        | Fell from the grace of Xom
    11 | D        | Became a worshipper of Zin the Law-Giver
    11 | D        | Reached * piety under Zin
    11 | D        | Reached ** piety under Zin
    11 | D        | Reached *** piety under Zin
    11 | D        | Reached **** piety under Zin
    11 | D        | Reached ***** piety under Zin
    11 | D        | Reached ****** piety under Zin
    18 | D        | Found a corrupted altar of Lugonu.
    18 | D        | Found a blossoming altar of Fedhas.
    18 | D        | Found a glowing golden altar of the Shining One.
    18 | D        | Found Keug's Identification Station.
    18 | D        | Noticed a worker ant
    19 | D        | Found Zufoikhle's Jewellery.
    19 | D        | Found Sasig's Advanced Armour.
    23 | D        | Killed a worker ant
    23 | D        | Reached skill level 4 in Unarmed Combat
    23 | D        | Reached XP level 2. HP: 27/32 MP: 1/1
    25 | D        | Found a bloodstained altar of Trog.
    32 | D        | Found a viscous altar of Jiyva.
    33 | D        | Found a hide-covered altar of Uskayaw.
    34 | D        | Found a snail-covered altar of Cheibriados.
    34 | D        | Found a radiant altar of Vehumet.
    34 | D        | Found a burning altar of Makhleb.
    34 | D        | Found Peuku's Premium Goods.
    34 | D        | Found Quocrohy's Weapon Rack.
    35 | D        | Found Sugiguy's Miscellaneous Merchandise.
    35 | D        | Found Rumnaump's Basic Armour.
    41 | D        | Reached skill level 1 in Armour
    41 | D        | Reached skill level 5 in Unarmed Combat
    41 | D        | Reached skill level 1 in Invocations
    41 | D        | Reached XP level 3. HP: 29/39 MP: 2/2
    43 | D        | Found an ancient bone altar of Kikubaaqudgha.
    48 | D        | Bought a +0 troll leather armour for 180 gold pieces
    62 | D        | Reached XP level 4. HP: 32/48 MP: 2/4
   112 | D        | Reached skill level 6 in Unarmed Combat
   115 | D        | Found a shimmering altar of Xom.
   116 | D        | Found a shimmering blue altar of Sif Muna.
   117 | D        | Found Tomo's Do-It-Yourself Clinic.
   118 | D        | Found Kiyfu's Bottled Wisdom.
   118 | D        | Found Pioggel's Distillery.
   119 | D        | Found a shadowy altar of Dithmenos.
   119 | D        | Found an ornate altar of the Wu Jian Council.
   119 | D        | Found Jecasoy's Distillery.
   125 | D        | Arena points: 12 (+12) [x2]
   167 | D        | Round 2.
   208 | D        | Reached XP level 5. HP: 48/55 MP: 4/6
   235 | D        | Reached skill level 7 in Unarmed Combat
   250 | D        | Arena points: 54 (+42) [x3]
   315 | D        | Round 3.
   322 | D        | Noticed a neqoxec
   334 | D        | Killed a neqoxec
   334 | D        | Reached skill level 5 in Fighting
   334 | D        | Reached skill level 8 in Unarmed Combat
   334 | D        | Reached XP level 6. HP: 57/66 MP: 6/8
   431 | D        | Noticed a neqoxec
   440 | D        | Noticed a neqoxec
   440 | D        | Killed a neqoxec
   440 | D        | Reached skill level 5 in Dodging
   440 | D        | Reached skill level 9 in Unarmed Combat
   441 | D        | Noticed a neqoxec
   442 | D        | Noticed a neqoxec
   444 | D        | Noticed a neqoxec
   448 | D        | Killed a neqoxec
   448 | D        | Reached skill level 5 in Invocations
   448 | D        | Reached XP level 7. HP: 61/75 MP: 9/9
   455 | D        | Killed a neqoxec
   455 | D        | Reached skill level 10 in Unarmed Combat
   474 | D        | Killed a neqoxec
   474 | D        | Reached skill level 5 in Armour
   481 | D        | Killed a neqoxec
   481 | D        | Arena points: 138 (+84) [x4]
   516 | D        | Round 4.
   566 | D        | Noticed a yak
   572 | D        | Killed a yak
   572 | D        | Reached XP level 8. HP: 87/87 MP: 11/11
   575 | D        | Noticed a komodo dragon
   583 | D        | Killed a komodo dragon
   583 | D        | Reached skill level 11 in Unarmed Combat
   621 | D        | Arena points: 278 (+140) [x5]
   630 | D        | Bought a spiked hat for 315 gold pieces
   635 | D        | Identified the +0 hat of Emymou Zeck {Dex+3 Stlth+} (You
                  | bought it in a shop in the Dungeon)
   699 | D        | Round 5.
   700 | D        | Noticed a witch
   705 | D        | Noticed a komodo dragon
   707 | D        | Noticed a four-headed hydra
   717 | D        | Noticed a seven-headed hydra
   718 | D        | Killed a witch
   718 | D        | Arena points: 558 (+280) [x7]
   718 | D        | Reached skill level 12 in Unarmed Combat
   718 | D        | Reached XP level 9. HP: 96/96 MP: 13/13
   719 | D        | Got a decaying rune of Zot
   787 | D        | XOM: give mutations
   860 | D        | XOM: give mutations
   875 | D        | Round 6.
   876 | D        | Noticed an orc knight
   887 | D        | Killed an orc knight
   894 | D        | XOM: swap monsters
   903 | D        | Noticed an orc knight
   904 | D        | Noticed an orc knight
   910 | D        | Reached skill level 13 in Unarmed Combat
   910 | D        | Reached XP level 10. HP: 31/106 MP: 13/15
   927 | D        | Demolished by an orc knight

Illustrated notes

Levels and vault maps discovered:
D:        arena_sprint

Skill      XL: |  1  2  3  4  5  6  7  8  9 |
---------------+----------------------------+-----
Fighting       | 3 4 5 6 7 8 |  8.7
Dodging        | 2 3 4 5 6 7 8 |  8.1
Unarmed Combat | 4 5 6 8 9 10 12 13 | 13.2
Armour         | 1 2 3 4 5 6 7 |  7.6
Invocations    | 1 2 4 5 6 7 8 |  8.2

Action                   |  1- 3 |  4- 6 |  7- 9 | 10-12 || total
-------------------------+-------+-------+-------+-------++-------
Melee: Unarmed           |    12 |    35 |    88 |     3 ||   138
       Punch             |       |       |     1 |       ||     1
Invok: Sanctuary         |       |       |       |     1 ||     1
  Use: Potion            |       |       |     4 |     2 ||     6
Armor: Robe              |     4 |       |       |       ||     4
       Troll leather arm |     1 |    18 |    26 |       ||    45
       Skin              |     1 |       |       |       ||     1
       Storm dragon scal |       |       |     5 |     2 ||     7
Dodge: Dodged            |     5 |    33 |    55 |     2 ||    95

Table legend: (Time is in decaauts)
 A = Elapsed time spent in this place.
 B = Non-inter-level travel time spent in this place.
 C = Inter-level travel time spent in this place.
 D = Time resting spent in this place.
 E = Time spent auto-exploring this place.
 F = Levels seen in this place.
 G = Mean time per level.
                   A        B        C        D        E       F      G
               +--------+--------+--------+--------+--------+-----+--------+
         Total |    912 |    912 |      0 |    612 |      0 |   1 |  912.0 |
       Dungeon |    912 |    912 |      0 |    612 |      0 |   1 |  912.0 |
               +--------+--------+--------+--------+--------+-----+--------+

Top non-repeatable levels by time:
       D: 912 daAuts
